 Dungeon Crawl Stone Soup version 0.30.0-5-g1a98f26d00 (webtiles) character file.

Game seed: 9703357564722021034

211 ProzacElf the Slasher (level 5, -4/66 HPs)
             Began as an Armataur Berserker on May 8, 2023.
             Was a Believer of Trog.
             Slain by an ogre
             ... wielding a +0 giant club
              (12 damage)
             ... on level 4 of the Dungeon.
             The game lasted 00:06:14 (3017 turns).

ProzacElf the Slasher (Armataur Berserker)          Turns: 3017, Time: 00:06:15

Health: -4/66      AC:  7    Str: 22    XL:     5   Next: 57%
Magic:  5/5        EV:  9    Int:  7    God:    Trog [**....]
Gold:   122        SH:  0    Dex: 12    Spells: 4/4 levels left

rFire   . . .        y - +0 halberd
rCold   . . .        (shield currently unavailable)
rNeg    . . .        n - +0 ring mail
rPois   .            v - +0 helmet
rElec   .            (no cloak)
rCorr   .            (no gloves)
SInv    .            (no barding)
Will    .....        (no amulet) Stlth
                     (no ring)
HPRegen 0.31/turn    (no ring)
MPRegen 0.09/turn

%: roll
@: berserking, very quick
A: large, rugged brown scales 3, deformed body, armoured tail, roll, long
tongue, awkward tongue
a: Renounce Religion, Berserk, Trog's Hand


You were on level 4 of the Dungeon.
You worshipped Trog.
Trog was pleased with you.
You visited 1 branch of the dungeon, and saw 4 of its levels.

You collected 122 gold pieces.

Inventory:

Hand Weapons
 a - a +0 falchion
 b - a +2 short sword of protection
 k - a +0 sling
 q - a +2 dagger of freezing
 y - a +0 halberd (weapon)
Missiles
 d - 46 stones
 w - 4 poisoned darts (quivered)
Armour
 c - a +0 leather armour
 f - a +0 animal skin
 n - a +0 ring mail (worn)
 v - a +0 helmet (worn)
 z - a +0 buckler
Scrolls
 e - a scroll of enchant weapon {unknown}
 h - a scroll of poison {unknown}
 i - a scroll of fear {unknown}
 m - a scroll of blinking {unknown}
 o - a scroll of teleportation {unknown}
 t - a scroll of noise {unknown}
 u - a scroll of butterflies {unknown}
 x - a scroll of identify {unknown}
 A - a scroll of fog {unknown}
Potions
 g - a potion of mutation {unknown}
 j - a potion of resistance {unknown}
 l - 3 potions of brilliance {unknown}
 p - a potion of curing {unknown}
 r - a potion of haste {unknown}
 s - a potion of might {unknown}


   Skills:
 - Level 2.6 Fighting
 + Level 4.5 Long Blades
 - Level 2.4 Armour
 + Level 3.2 Dodging


You had 4 spell levels left.
You didn't know any spells.
Your spell library was empty.

Dungeon Overview and Level Annotations

Branches:
Dungeon (4/15)
 Temple: D:4-7

Altars:
Makhleb


Innate Abilities, Weirdness & Mutations

You are completely covered in rugged brown scales. (AC +3, +7% HP)
Armour fits poorly on your strangely shaped body.
You have a long armoured tail.
You roll when moving toward enemies. (Rampage)
Your long tongue fully drains potion bottles. (2x potion effects)
Your tongue gives you trouble enunciating. (1.5x scroll delay)


Message History

Tha kobold be heavily wounded.
Tha kobold barely misses ye.
Ye hit tha kobold.
Ye kill tha kobold!
Trog accepts yer kill.
Ye start restin'.
Ye reco'er from yer berserk rage.
HP restored.
Health restored: 44
d - 46 stones (gain'd 4) Ye see 'ere a +0 whip.
Ye see 'ere a +0 whip.
An ogre comes inta view.
It be wieldin' a +0 giant club.
Found 17 gold pieces.
Throw: 6 darts (poison)
Press: ? - help, Q - select action, (/) - cycle Shift-Dir - straight line, f - ogre
Aim: an ogre, wieldin' a +0 giant club (73% ta hit) Ye throw a poison'd dart.
Tha poison'd dart hits tha ogre.
Tha ogre be poison'd.
Throw: 5 darts (poison)
Press: ? - help, Q - select action, (/) - cycle Shift-Dir - straight line, f/p - ogre
Aim: an ogre, wieldin' a +0 giant club (lightly wounded, poison'd, 73% ta hit) Ye throw a poison'd dart.
Tha poison'd dart hits tha ogre.
Tha ogre looks ev'n sicker.
Tha ogre be lightly wounded.
Ye roll towards tha ogre!
Tha ogre hits ye wit' a +0 giant club!!
Ouch! Tha re'lly hurt!
Ye take 26 damage, an' haf 18/44 hp.
MASSIVE DAMAGE!!
A red film seems ta co'er yer vision as ye go berserk!
Ye feel yerself movin' faster!
Ye feel mighty!
Ye now haf 27/66hp.
Ye puncture tha ogre!
Tha ogre be heavily wounded.
Tha ogre hits ye wit' a +0 giant club!!
* * * LOW HITPOINT WARNIN'
* * * Ye take 19 damage, an' haf 8/66 hp.
MASSIVE DAMAGE!!
Ye closely miss tha ogre.
Ye tail-slap tha ogre!
Tha ogre be almost dead.
Tha ogre hits ye wit' a +0 giant club!
Ye die...

#..........
#.....#####
###..)..#
#...#)#.#
#.###.#.#
#.#<)[#..
#.#######.
#.......#+#
##.@.......
#..O..$...
#...(.....
#....(....
#.....P...
#......♣..
#......♣ .
#.....P.


You could see an ogre (very poisoned).

Vanquished Creatures
  A gnoll sergeant (D:4)
  3 adders
  5 gnolls
  2 worms (D:2)
  5 orcs (D:3)
  5 ball pythons
  4 endoplasms
  5 giant cockroaches
  A goblin (D:1)
  2 hobgoblins
  2 jackals (D:3)
  11 kobolds
  7 quokkas
  5 bats
  3 frilled lizards
  5 rats
66 creatures vanquished.

Notes
Turn   | Place    | Note
-------+----------+-------------------------------------------
     0 | D:1      | ProzacElf the Armataur Berserker began the quest for the
                  | Orb.
     0 | D:1      | Reached XP level 1. HP: 19/19 MP: 1/1
   126 | D:1      | Reached skill level 3 in Long Blades
   129 | D:1      | Reached XP level 2. HP: 26/26 MP: 2/2
   765 | D:2      | Reached XP level 3. HP: 23/32 MP: 3/3
   767 | D:2      | Reached ** piety under Trog
   820 | D:2      | Found a burning altar of Makhleb.
  1080 | D:2      | Reached XP level 4. HP: 39/39 MP: 4/4
  1530 | D:2      | Found a faded altar of an unknown god.
  2408 | D:3      | Reached skill level 4 in Long Blades
  2717 | D:4      | Noticed a gnoll sergeant
  2763 | D:4      | Killed a gnoll sergeant
  2763 | D:4      | HP: 1/58 [gnoll/+0 halberd[a gnoll sergeant] (3)]
  2764 | D:4      | Reached XP level 5. HP: 1/44 MP: 5/5
  3011 | D:4      | Noticed an ogre
  3017 | D:4      | Slain by an ogre

Illustrated notes

Levels and vault maps discovered:
D:1:      dpeg_arrival_water_temple_mockup, layout_rooms,
          minmay_misc_feat_tower, minmay_tetromino_t2
D:2:      wad_woods_stonehenge, layout_basic,
          hellmonk_ecumenical_altar_prayer_group
D:3:      layout_basic
D:4:      layout_basic, serial_demonic, serial_demonic_b, serial_demonic_e,
          serial_demonic_b, serial_demonic_g, serial_demonic_e,
          serial_demonic_e, serial_demonic_c

Skill      XL: |  1  2  3  4 |
---------------+-------------+-----
Long Blades    | 3 4 |  4.5
Dodging        | 2 3 |  3.2
Fighting       | |  2.6
Armour         | |  2.4

Action                     |  1- 3 |  4- 6 || total
---------------------------+-------+-------++-------
  Melee: Falchion          |    68 |       ||    68
         Tailslap          |    18 |    21 ||    39
         Short sword       |    61 |   107 ||   168
         Punch             |       |     4 ||     4
         Halberd           |       |    10 ||    10
  Throw: Dart              |       |     2 ||     2
 Invoke: Berserk           |       |     3 ||     3
   Stab: Sleeping          |     1 |       ||     1
 Armour: Leather armour    |    60 |       ||    60
         Ring mail         |    12 |    30 ||    42
  Dodge: Dodged            |    77 |    29 ||   106

Action                     |  1- 3 |  4- 6 || total
---------------------------+-------+-------++-------
  Melee: Falchion          |    68 |       ||    68
         Tailslap          |    18 |    21 ||    39
         Short sword       |    61 |   107 ||   168
         Punch             |       |     4 ||     4
         Halberd           |       |    10 ||    10
  Throw: Dart              |       |     2 ||     2
 Invoke: Berserk           |       |     3 ||     3
   Stab: Sleeping          |     1 |       ||     1
 Armour: Leather armour    |    60 |       ||    60
         Ring mail         |    12 |    30 ||    42
  Dodge: Dodged            |    77 |    29 ||   106

Levels and vault maps discovered:
D:1:      dpeg_arrival_water_temple_mockup, layout_rooms,
          minmay_misc_feat_tower, minmay_tetromino_t2
D:2:      wad_woods_stonehenge, layout_basic,
          hellmonk_ecumenical_altar_prayer_group
D:3:      layout_basic
D:4:      layout_basic, serial_demonic, serial_demonic_b, serial_demonic_e,
          serial_demonic_b, serial_demonic_g, serial_demonic_e,
          serial_demonic_e, serial_demonic_c
